 Dungeon Crawl Stone Soup version 0.23-a0-139-ga22e90c (webtiles) character file.

8219 TheOrbIsALie the Thaumaturge (level 11, -8/68 HPs)
             Began as a Demonspawn Air Elementalist on Aug 30, 2018.
             Was an Initiate of Gozag.
             Mangled by Urug
             ... wielding a +1 eveningstar
              (19 damage)
             ... on level 10 of the Dungeon.
             The game lasted 00:27:06 (8390 turns).

TheOrbIsALie the Thaumaturge (DsAE)                 Turns: 8390, Time: 00:27:06

Health: -8/68      AC: 14    Str: 14    XL:     11   Next: 7%
Magic:  2/28       EV: 19    Int: 19    God:    Gozag
Gold:   1434       SH:  0    Dex: 19    Spells: 31/36 levels left

rFire    . . .     SeeInvis .   h - +2 dagger (elec)
rCold    + . .     Gourm    .   (no shield)
rNeg     . . .     Faith    +   y - +2 robe {rC+}
rPois    .         Spirit   .   B - +2 hat
rElec    .         Reflect  .   q - +0 cloak
rCorr    .         Harm     .   d - +0 pair of gloves
MR       .....                  J - +0 pair of boots
Stlth    +++.......             D - amulet of faith
HPRegen  0.21/turn              Q - +2 ring of protection
MPRegen  0.21/turn              P - +2 ring of evasion

@: mighty, agile, gold aura, very slightly contaminated, invisible
A: horns 2, slimy green scales 2, demonic guardian 1, spiny 1
a: Potion Petition, Call Merchant, Bribe Branch, Renounce Religion


You were on level 10 of the Dungeon.
You worshipped Gozag.
Gozag was most pleased with you.
You were not hungry.

You visited 1 branch of the dungeon, and saw 10 of its levels.

You collected 1501 gold pieces.
You spent 34 gold pieces at shops.
You paid 33 gold pieces to Gozag.

Inventory:

Hand Weapons
 h - a +2 dagger of electrocution (weapon)
 v - the +4 scythe of Fortitude {slice, +Blink Str+4 Dex-3 SInv}
   (You found it on level 4 of the Dungeon)

   It inflicts extra damage upon your enemies.
   It affects your strength (+4).
   It affects your dexterity (-3).
   It lets you see invisible.
   It lets you blink.
Armour
 a - a +0 robe
 d - a +0 pair of gloves (worn)
 q - a +0 cloak (worn)
 y - a +2 robe of cold resistance (worn)
 B - a +2 hat (worn)
 J - a +0 pair of boots (worn)
Magical Staves
 I - an uncursed staff of earth
Jewellery
 e - an uncursed ring of ice
 r - an uncursed ring of see invisible
 z - an uncursed ring of flight
 D - an amulet of faith (around neck)
 F - an uncursed ring of protection from cold
 P - a +2 ring of evasion (right hand)
 Q - a +2 ring of protection (left hand)
Wands
 x - a wand of digging (16)
 H - a wand of enslavement (31)
 N - a wand of random effects (26)
 S - a wand of polymorph (15)
Scrolls
 b - 2 scrolls of fog {unknown}
 g - 3 scrolls of identify
 j - 3 scrolls of fear {unknown}
 k - 3 scrolls of remove curse {unknown}
 l - 3 scrolls of teleportation {unknown}
 p - 2 scrolls of noise {unknown}
 t - 2 scrolls of amnesia {unknown}
 A - 2 scrolls of enchant armour {unknown}
 C - a scroll of immolation {unknown}
 G - a scroll of blinking {unknown}
 K - 3 scrolls of magic mapping {unknown}
 R - a scroll of enchant weapon {unknown}
Potions
 f - 4 potions of curing
 i - a potion of degeneration {unknown}
 n - a potion of lignification {unknown}
 o - 2 potions of berserk rage {unknown}
 s - a potion of ambrosia {unknown}
 u - 2 potions of heal wounds {unknown}
 w - 5 potions of magic
 E - a potion of might {unknown}
 L - a potion of mutation {unknown}
 M - a potion of flight {unknown}
 O - 2 potions of cancellation {unknown}
Comestibles
 c - 12 rations


   Skills:
 - Level 1.7 Dodging
 - Level 1.7 Stealth
 + Level 13.0 Spellcasting
 - Level 4.3 Conjurations
 - Level 8.1 Air Magic


You had 31 spell levels left.
You knew the following spells:

 Your Spells              Type           Power        Failure   Level  Hunger
a - Shock                 Conj/Air       ####         1%          1    None
b - Airstrike             Air            #####.....   1%          4    #......

Your spell library contained the following spells:

 Spells                   Type           Power        Failure   Level  Hunger
 Magic Dart               Conj           ####         1%          1    None
 Searing Ray              Conj           ####..       1%          2    None
 Swiftness                Chrm/Air       ####....     1%          2    None
 Static Discharge         Conj/Air       #####...     1%          3    None
 Sandblast                Erth           ##....       5%          1    None
 Dazzling Spray           Conj/Hex       ###...       7%          3    None
 Stone Arrow              Conj/Erth      ###...       7%          3    None
 Passwall                 Tmut/Erth      ##......     9%          2    None
 Iskenderun's Mystic Bla  Conj           ####....     10%         4    #......
 Lightning Bolt           Conj/Air       #####.....   12%         5    ####...
 Force Lance              Conj/Tloc      ###.....     22%         4    #......
 Fulminant Prism          Conj/Hex       ###.......   22%         4    #......
 Petrify                  Tmut/Erth      ##......     47%         4    #......
 Lee's Rapid Deconstruct  Erth           ##........   83%         5    ####...


Dungeon Overview and Level Annotations

Branches:
Dungeon (10/15)            Temple (0/1) D:6             Orc (0/2) D:10
   Lair: D:8-11

Altars:
Dithmenos
Gozag
Makhleb
Okawaru
Qazlal
Sif Muna

Shops:
D:4 *

Annotations:
D:10 Urug


Innate Abilities, Weirdness & Mutations

You have a pair of horns on your head.
You are mostly covered in slimy green scales. (AC +3)
A weak demonic guardian rushes to your aid.
You are partially covered in sharp spines.


Message History

Aiming: Random Effects
Press: ? - help, Shift-Dir - straight line, f/p - Urug
Aim: Urug, wielding an enchanted eveningstar and wearing a scale mail (severely Urug flickers and vanishes!
Deactivating autopickup; reactivate with Ctrl-A.
Evoke which item? (* to show all) (? for menu, Esc to quit)
Okay, then.
Unknown command.
Evoke which item? (* to show all) (? for menu, Esc to quit)
Aiming: Polymorph
Press: ? - help, Shift-Dir - straight line Nothing appears to happen.
Something hits you!!
* * * LOW HITPOINT WARNING * * *
You swap places.
Something hits your shadow imp!!
Your shadow imp dies!
You fade into invisibility!
You are very lightly contaminated with residual magic.
You feel better. Something hits you!!
You die...
Your body crumbles into a pile of gold.

.%...
....#....##
§..?$.
§§...##....##
.(...
§§.####....##
#...#
######.#(..##
#§§§#
#....(.....
#§§§#
#.######...
#§§§# #.#
#....
#...#####.#
###..
#@...$$..#
#..
######.###
### #.## #
#.# # #.# #.#
#.# .#


There were no monsters in sight!

Vanquished Creatures
  Harold (D:7)
  2 two-headed ogres
  Joseph (D:9)
  A slime creature (D:7)
  2 hippogriffs
  A spriggan (D:8)
  3 yaks (D:10)
  A human (D:8)
  A hungry ghost (D:8)
  Edmund (D:5)
  A water moccasin (D:8)
  Duvessa (D:5)
  2 phantoms
  2 orc warriors
  4 sky beasts
  An ice beast (D:8)
  A necrophage (D:7)
  3 ogres
  A centaur (D:10)
  Blork the orc (D:5)
  A big kobold (D:8)
  6 bullfrogs
  Dowan (D:5)
  2 scorpions
  9 killer bees
  4 howler monkeys (D:9)
  2 crimson imps
  9 jellies
  2 hounds
  3 orc priests
  4 orc wizards
  A centaur zombie (D:7)
  Jessica (D:8)
  2 iguanas
  6 worker ants
  2 hound zombies
  2 worker ant zombies (D:6)
  Robin (D:2)
  6 gnolls
  6 adders
  A shadow imp (D:8)
  15 oozes
  An adder skeleton (D:9)
  2 dart slugs
  8 leopard geckos
  24 orcs
  2 ball pythons
  4 bats
  8 giant cockroaches
  16 goblins
  9 hobgoblins
  7 jackals
  8 kobolds
  A quokka (D:2)
  3 frilled lizards
  A leopard gecko skeleton (D:5)
  8 rats
219 creatures vanquished.

Vanquished Creatures (collateral kills)
  A centaur zombie (D:7)
  A centaur skeleton (D:10)
  A human (D:8)
  A bullfrog (D:7)
  A crimson imp (D:8)
  An orc wizard (D:3)
  Crazy Yiuf (D:2)
  An iguana (D:5)
  A gnoll (D:2)
  An orc (D:3)
  A bat (D:3)
  A giant cockroach (D:3)
  A goblin (D:2)
13 creatures vanquished.

Vanquished Creatures (others)
  2 yaks (D:10)
  2 fungi (D:7)
4 creatures vanquished.

Grand Total: 236 creatures vanquished

Notes
Turn   | Place    | Note
-------+----------+-------------------------------------------
     0 | D:1      | TheOrbIsALie the Demonspawn Air Elementalist began the
                  | quest for the Orb.
     0 | D:1      | Reached XP level 1. HP: 13/13 MP: 3/3
   278 | D:1      | Gained mutation: A weak demonic guardian rushes to your
                  | aid. [demonic ancestry]
   278 | D:1      | Reached XP level 2. HP: 19/19 MP: 1/5
   957 | D:2      | Noticed Robin
   966 | D:2      | Reached XP level 3. HP: 20/24 MP: 1/6
   969 | D:2      | Killed Robin
  1071 | D:2      | Found a shadowy altar of Dithmenos.
  1094 | D:2      | Gained mutation: You have a pair of small horns on your
                  | head. [demonic ancestry]
  1094 | D:2      | Reached XP level 4. HP: 12/30 MP: 1/7
  1268 | D:2      | Found a stormy altar of Qazlal.
  1269 | D:2      | Found an iron altar of Okawaru.
  1758 | D:2      | Found a runed door.
  1762 | D:2      | Noticed Crazy Yiuf
  1766 | D:2      | Killed Crazy Yiuf
  2201 | D:3      | Reached XP level 5. HP: 32/35 MP: 3/8
  2431 | D:3      | Found an opulent altar of Gozag.
  2439 | D:3      | Became a worshipper of Gozag Ym Sagoz the Greedy
  2632 | D:3      | Reached skill level 3 in Spellcasting
  2640 | D:3      | Reached XP level 6. HP: 11/41 MP: 0/10
  3072 | D:4      | Found a burning altar of Makhleb.
  3129 | D:4      | Got a steaming scythe
  3130 | D:4      | Identified the +4 scythe of Fortitude {slice, +Blink Str+4
                  | Dex-3 SInv} (You found it on level 4 of the Dungeon)
  3219 | D:4      | Reached skill level 5 in Air Magic
  3353 | D:4      | Found Epetar's Assorted Antiques.
  3360 | D:4      | Bought 2 glowing white potions for 34 gold pieces
  3545 | D:5      | Entered Level 5 of the Dungeon
  3566 | D:5      | Noticed a sky beast
  3573 | D:5      | Learned a level 4 spell: Airstrike
  3615 | D:5      | Killed a sky beast
  3615 | D:5      | Gained mutation: You are partially covered in sharp spines.
                  | [demonic ancestry]
  3615 | D:5      | Reached XP level 7. HP: 46/46 MP: 2/11
  3711 | D:5      | Noticed Blork the orc
  3726 | D:5      | Killed Blork the orc
  3781 | D:5      | Noticed Dowan
  3796 | D:5      | Noticed Edmund
  3811 | D:5      | Killed Edmund
  3854 | D:5      | Noticed Duvessa
  3891 | D:5      | Killed Duvessa
  3912 | D:5      | Killed Dowan
  3912 | D:5      | Gained mutation: You are partially covered in slimy green
                  | scales. (AC +2) [demonic ancestry]
  3912 | D:5      | Reached XP level 8. HP: 26/52 MP: 3/12
  4338 | D:5      | Found a deep blue altar of Sif Muna.
  4721 | D:6      | Reached skill level 4 in Spellcasting
  4805 | D:6      | Found a staircase to the Ecumenical Temple.
  5049 | D:7      | Noticed a hippogriff
  5057 | D:7      | Killed a hippogriff
  5057 | D:7      | Reached skill level 5 in Spellcasting
  5180 | D:7      | Reached skill level 6 in Spellcasting
  5517 | D:7      | Reached skill level 7 in Spellcasting
  5517 | D:7      | Reached XP level 9. HP: 53/57 MP: 13/20
  5628 | D:7      | Reached skill level 8 in Spellcasting
  5714 | D:7      | Noticed Harold
  5747 | D:7      | Killed Harold
  5747 | D:7      | Reached skill level 9 in Spellcasting
  6242 | D:8      | Reached skill level 10 in Spellcasting
  6368 | D:8      | Gained mutation: You have a pair of horns on your head.
                  | [demonic ancestry]
  6368 | D:8      | Reached XP level 10. HP: 63/63 MP: 0/24
  6478 | D:8      | Noticed a two-headed ogre
  6502 | D:8      | Killed a two-headed ogre
  6609 | D:8      | Reached skill level 11 in Spellcasting
  6802 | D:8      | Noticed Jessica
  6805 | D:8      | Killed Jessica
  6813 | D:8      | Found a deep blue altar of Sif Muna.
  6899 | D:8      | Found an iron altar of Okawaru.
  7319 | D:9      | Reached skill level 12 in Spellcasting
  7713 | D:9      | Noticed Joseph
  7725 | D:9      | Killed Joseph
  7886 | D:9      | Noticed a two-headed ogre
  7895 | D:9      | Killed a two-headed ogre
  8026 | D:10     | Entered Level 10 of the Dungeon
  8083 | D:10     | Gained mutation: You are mostly covered in slimy green
                  | scales. (AC +3) [demonic ancestry]
  8083 | D:10     | Reached XP level 11. HP: 68/68 MP: 19/27
  8260 | D:10     | Found a staircase to the Orcish Mines.
  8343 | D:10     | Noticed Urug
  8366 | D:10     | Reached skill level 13 in Spellcasting
  8386 | D:10     | HP: 3/68 [something (22)]
  8390 | D:10     | Mangled by Urug

Vault maps used:
D:1:      dpeg_arrival_rhombi
D:2:      minitemple, uniq_crazy_yiuf_cottage, uniq_robin
D:3:      lemuel_coloured_pillars_altar
D:4:      kennysheep_little_box, serial_shops, nicolae_shop_overgrown_old_shop,
          first_ration, serial_bayou_pond_e
D:5:      basic_altar, serial_co_window_serial, co_window_paths_a,
          co_window_corner_a, co_window_paths_b, co_window_paths_a,
          co_window_paths_a, co_window_unsneaky_path_a, co_window_broadway_c,
          co_window_corner_ca, glass_columns_b, glass_columns_a,
          glass_columns_a, glass_columns_c, glass_columns_a, uniq_blork_the_orc,
          uniq_edmund, uniq_duvessa
D:6:      minmay_temple_entry_statues
D:7:      lemuel_slime, uniq_harold
D:8:      tgw_sif, the_bakery, okawaru_humans
D:9:      uniq_joseph
D:10:     lair_entry_dummy, orc_0_dummy, serial_park, serial_bayou_lagoon_a,
          lemuel_flame_loot_1, uniq_urug

Skill      XL: |  1  2  3  4  5  6  7  8  9 10 11 |
---------------+----------------------------------+-----
Conjurations   | 2 3 4 |  4.3
Air Magic      | 3 4 5 7 8 |  8.1
Spellcasting   | 3 7 10 12 13 | 13.0
Dodging        | |  1.7
Stealth        | |  1.7

Action                   |  1- 3 |  4- 6 |  7- 9 | 10-12 || total
-------------------------+-------+-------+-------+-------++-------
Melee: Unarmed           |     1 |       |       |       ||     1
       Dagger            |    19 |    59 |    74 |    38 ||   190
       Headbutt          |       |     5 |    11 |     5 ||    21
 Cast: Shock             |    39 |   100 |   124 |   148 ||   411
       Airstrike         |       |     1 |    17 |    34 ||    52
Invok: Potion Petition   |       |       |       |     1 ||     1
Evoke: Wand              |       |       |       |     4 ||     4
  Use: Scroll            |       |     1 |       |     1 ||     2
       Potion            |       |       |     3 |     2 ||     5
 Stab: Sleeping          |       |     3 |     5 |       ||     8
       Invisible         |       |       |     1 |       ||     1
       Distracted        |       |       |       |     1 ||     1
  Eat: Chunk             |     1 |     6 |       |       ||     7
       Ration            |       |     1 |     3 |     2 ||     6
Armor: Robe              |     3 |    26 |    32 |    14 ||    75
Dodge: Dodged            |    12 |    47 |    47 |    40 ||   146

Table legend:
 A = Non-vault XP
 B = Vault XP
 C = Vault XP percentage of total XP
 D = Non-vault monster count
 E = Vault monster count
 F = Vault count percentage of total count
                 A         B        C        D         E       F
            +---------+---------+-------+---------+---------+-------
      Total |    8541 |    3201 |  27.3 |     187 |      45 |  19.4
            +---------+---------+-------+---------+---------+-------
        D:1 |      21 |       0 |   0.0 |      11 |       0 |   0.0
        D:2 |      84 |      66 |  44.0 |      22 |      14 |  38.9
        D:3 |     237 |       0 |   0.0 |      33 |       0 |   0.0
        D:4 |     203 |       0 |   0.0 |       9 |       0 |   0.0
        D:5 |     581 |     447 |  43.5 |      22 |       4 |  15.4
        D:6 |     273 |       0 |   0.0 |      10 |       0 |   0.0
        D:7 |    1418 |    1640 |  53.6 |      19 |      22 |  53.7
        D:8 |    2635 |     624 |  19.1 |      29 |       4 |  12.1
        D:9 |    2044 |     424 |  17.2 |      21 |       1 |   4.5
       D:10 |    1045 |       0 |   0.0 |      11 |       0 |   0.0
            +---------+---------+-------+---------+---------+-------
